 Dungeon Crawl Stone Soup version 0.19-a0-1025-g778f431 (webtiles) character file.

112 Leszczynek the Skirmisher (level 4, -4/49 HPs)
             Began as an Ogre Abyssal Knight on July 28, 2016.
             Was a Believer of Lugonu.
             Killed from afar by an orc wizard (8 damage)
             ... with a puff of flame
             ... on level 3 of the Dungeon.
             The game lasted 00:04:57 (1927 turns).

Leszczynek the Skirmisher (Ogre Abyssal Knight)     Turns: 1927, Time: 00:04:58

Health: -4/49      AC:  3    Str: 17    XL:     4   Next: 93%
Magic:  5/5        EV: 10    Int: 11    God:    Lugonu [**....]
Gold:   216        SH:  0    Dex: 10    Spells: 0 memorised, 3 levels left

rFire  . . .     SeeInvis .     a - +1 mace
rCold  . . .     Gourm    .     b - +0 robe
rNeg   . . .     Faith    .     (no shield)
rPois  +         Spirit   .     (helmet restricted)
rElec  .         Dismiss  .     (no cloak)
rCorr  .         Reflect  .     (gloves unavailable)
SustAt .         Harm     .     (boots unavailable)
MR     .....                    (no amulet)
Stlth  +.........               (no ring)
                                y - ring of poison resistance

@: exhausted, slowed, very slow, not resistant to hostile enchantments, very
unstealthy
A: unfitting armour, tough skin 1
a: Depart the Abyss, Bend Space, Renounce Religion


You were on level 3 of the Dungeon.
You worshipped Lugonu.
Lugonu was pleased with you.
You were very hungry.

You visited 1 branch of the dungeon, and saw 3 of its levels.
You visited the Abyss 1 time.

You collected 216 gold pieces.

Inventory:

Hand Weapons
 a - a +1 mace (weapon)
 m - a +0 hunting sling
Missiles
 n - 18 stones (quivered)
Armour
 b - a +0 robe (worn)
Jewellery
 y - a ring of poison resistance (left hand)
Scrolls
 g - 2 scrolls of enchant armour {unknown}
 h - a scroll of fear {unknown}
 j - 2 scrolls of random uselessness {unknown}
 k - a scroll of immolation {unknown}
 l - 2 scrolls of remove curse
 t - a scroll of noise {unknown}
 w - a scroll of magic mapping {unknown}
 B - a scroll of blinking {unknown}
Potions
 e - a potion of cancellation
 p - a potion of brilliance
 r - a potion of lignification {unknown}
 s - a potion of might {unknown}
 u - a potion of haste {unknown}
 v - a potion of heal wounds {unknown}
 x - a potion of degeneration {unknown}
 z - a potion of cure mutation {unknown}
Comestibles
 c - 3 bread rations
 d - 3 beef jerkies
 f - 3 chunks of flesh
 q - 5 fruits
 A - a meat ration


   Skills:
 - Level 4.5 Fighting
 + Level 4.3 Maces & Flails
 - Level 2.5 Dodging
 - Level 2.0 Stealth
 - Level 2.3 Invocations


You had 3 spell levels left.
You didn't know any spells.

Dungeon Overview and Level Annotations

Branches:
Dungeon (3/15)

Altars:
Fedhas
Hepliaklqana
Kikubaaqudgha
Okawaru
Qazlal

Annotations:
D:3 2 exclusions


Innate Abilities, Weirdness & Mutations

You are too large for most types of armour.
You have tough skin. (AC +1)


Message History

You feel less confused. Something hits you.
You hit something. Something hits you but does no damage.
You hear some strange, mumbled words.
A puff of flame appears from out of thin air!
The puff of flame hits you!
* * * LOW HITPOINT WARNING * * *
You miss something. Something hits you.
* * * LOW HITPOINT WARNING * * *
Something hits you.
* * * LOW HITPOINT WARNING * * *
You miss something.
You hear some strange, mumbled words.
A magic dart appears from out of thin air!
The magic dart hits you!
* * * LOW HITPOINT WARNING * * *
You hear some strange, mumbled words.
A puff of flame appears from out of thin air!
The puff of flame hits you!
You die...

######## #############
#####...§§.## #... ........
##PPP...^.≈..###.##########.
###.PPP..≈#≈.§§...............
#)(PP_....._#≈§.).............
#PPPPP.^≈.≈^#..#............
##PP....≈^.##..#.#.##.####..
#####(##.###..#.#.##.# #..
#.().{@...#.#.##.# #..
#(###.###........# #.. #.# #.#
###.)..######.. #.# #.# #..#..
..... #.# #.# ##.... ###.. #.#
#.. #. #.. #K# #.# #.# #.# #..
#.#


.og ... #.# There were no monsters in sight!

Vanquished Creatures
  Ijyb (D:3)
  2 adders
  A worm (D:2)
  2 dart slugs
  2 orcs (D:3)
  3 giant cockroaches (D:1)
  8 goblins
  9 hobgoblins
  6 jackals
  A quokka (D:2)
  5 bats
  3 giant newts
  6 kobolds
  8 rats
57 creatures vanquished.

Notes
Turn   | Place    | Note
-------+----------+-------------------------------------------
     0 | Abyss:1  | Leszczynek the Ogre Abyssal Knight began the quest for the Orb.
     0 | Abyss:1  | Reached XP level 1. HP: 24/24 MP: 2/2
    55 | Abyss:1  | Noticed a ynoxinul
    56 | D:1      | Escaped the Abyss
    69 | D:1      | Reached * piety under Lugonu
   337 | D:1      | Reached skill level 3 in Maces & Flails
   337 | D:1      | Reached XP level 2. HP: 19/32 MP: 3/3
   771 | D:1      | Reached XP level 3. HP: 38/40 MP: 4/4
   953 | D:2      | Found an iron altar of Okawaru.
   993 | D:2      | Reached ** piety under Lugonu
  1095 | D:2      | Reached skill level 1 in Stealth
  1231 | D:2      | Found a hazy altar of Hepliaklqana.
  1419 | D:2      | Found an ancient bone altar of Kikubaaqudgha.
  1421 | D:2      | Reached XP level 4. HP: 49/49 MP: 5/5
  1675 | D:3      | Reached skill level 2 in Stealth
  1866 | D:3      | Found a stormy altar of Qazlal.
  1871 | D:3      | Found a blossoming altar of Fedhas.
  1887 | D:3      | Noticed Ijyb
  1916 | D:3      | Killed Ijyb
  1916 | D:3      | Reached skill level 4 in Maces & Flails
  1927 | D:3      | HP: 4/49 [something/magic dart (3)]
  1927 | D:3      | Killed from afar by an orc wizard

Vault maps used:
D:1:      saegor_arrival_miasma
D:2:      kiku_gazebo_pond_becter, nicolae_overflow_crystal_walls, first_bread,
          okawaru_gym_becter
D:3:      grunt_temple_overflow_forces_of_nature, zin_scriptorium,
          ecumenical_altar_1, st_stairs_6, uniq_iyjb

Skill      XL: |  1  2  3  4 |
---------------+-------------+-----
Maces & Flails | 3 4 |  4.3
Stealth        | 1 2 |  2.0
Fighting       | |  4.5
Dodging        | |  2.5
Invocations    | |  2.3

Action                   |  1- 3 |  4- 6 || total
-------------------------+-------+-------++-------
Melee: Mace              |   139 |    52 ||   191
Throw: Stone             |     3 |     1 ||     4
Invok: Depart the Abyss  |     1 |       ||     1
  Use: Scroll            |       |     4 ||     4
       Potion            |       |     1 ||     1
  Eat: Chunk             |     2 |     1 ||     3
Armor: Robe              |    60 |    15 ||    75
Dodge: Dodged            |    94 |    18 ||   112
